 Dungeon Crawl Stone Soup version 0.23-a0-584-g44dd78f (webtiles) character file.

1479177 Flooderbenga the Impregnable (level 25, 213/213 HPs)
             Began as a Halfling Assassin on Dec 11, 2018.
             Was the Champion of Ru.
             Escaped with the Orb
             ... and 3 runes on Dec 17, 2018!
             The game lasted 10:43:31 (95944 turns).

Flooderbenga the Impregnable (Halfling Assassin)   Turns: 95944, Time: 10:43:32

Health: 213/213    AC: 48    Str: 20    XL:     25
Magic:  39/39      EV: 29    Int: 12    God:    Ru [******]
Gold:   1044       SH:  0    Dex: 23    Spells: 24/32 levels left

rFire    + + +     SeeInvis +   t - +7 broad axe (vamp)
rCold    + + .     Gourm    .   (shield currently unavailable)
rNeg     + + +     Faith    .   T - +6 gold dragon scales
rPois    +         Spirit   .   V - +3 hat of Pondering {ponderous, MR+ MP+10 Int+5}
rElec    +         Reflect  .   S - +4 dragonskin cloak
rCorr    +         Harm     .   C - +2 pair of gloves {Str+3}
MR       ++...     Rnd*Rage +   o - +2 pair of boots
Stlth    ..........             x - amulet of Vitality {Regen+ HP+15}
HPRegen  0.85/turn              O - ring "Onkoqur" {*Corrode rElec rN+++ MP+9 EV+4}
MPRegen  0.26/turn              v - ring "Ytixzag" {rF++ rC- EV+4 SInv}

@: resistant (expiring), very slightly contaminated, slow
A: small, berserk 1, dopey 1, low mp 3, mutation resistance 1, inability to use
devices, hated by all, no conjurations magic, no fire magic, no transmutations
magic, inexperienced 1
0: Orb of Zot
}: 3/15 runes: decaying, serpentine, silver
a: Draw Out Power, Power Leap, Apocalypse, Renounce Religion


You escaped.
You worshipped Ru.
Ru was exalted by your worship.
You were not hungry.

You visited 10 branches of the dungeon, and saw 50 of its levels.
You also visited: Ice Cave and Volcano.

You collected 7817 gold pieces.
You spent 6773 gold pieces at shops.

Inventory:

Hand Weapons
 a - the +6 dagger "Baah" {freeze, *Slow +Fly rN++ Int+4}
   (You found it on level 13 of the Dungeon)

   It has been specially enchanted to freeze those struck by it, causing extra
   injury to most foes and up to half again as much damage against particularly
   susceptible opponents.
   It can also slow down cold-blooded creatures.
   It affects your intelligence (+4).
   It greatly protects you from negative energy.
   It lets you fly.
   It may slow you when you take damage.
 d - a +2 fustibalus of velocity
 p - a +5 broad axe of distortion
 t - a +7 vampiric broad axe (weapon)
 w - a +3 blowgun
Missiles
 c - 112 sling bullets
 f - 3 throwing nets
 l - 787 stones (quivered)
 D - 13 needles of sleeping
 G - 5 needles of confusion
 R - 20 poisoned needles
 Y - 14 curare-tipped needles
Armour
 e - +0 fire dragon scales
 n - the +2 chain mail of the Hare {rPois rF+ rN+}
   (You acquired it on level 3 of the Swamp)

   It protects you from fire.
   It protects you from poison.
   It protects you from negative energy.
 o - a +2 pair of boots (worn)
 s - a +2 cloak of magic resistance
 u - the +6 scale mail "Mevac" {Regen+ Dex+4}
   (You found it on level 5 of the Depths)

   It affects your dexterity (+4).
   It increases your rate of regeneration.
 C - a +2 pair of gloves of strength (worn)
 I - a scarf of cloud immunity
 S - the +4 dragonskin cloak (worn)
   (You took it off Tiamat on level 3 of the Realm of Zot)
 T - +6 gold dragon scales (worn)
 V - the +3 hat of Pondering (worn) {ponderous, MR+ MP+10 Int+5}
   (You took it off Gastronok on level 11 of the Dungeon)

   It affects your intelligence (+5).
   It affects your resistance to hostile enchantments.
   It affects your magic capacity (+10).
Jewellery
 i - an uncursed ring of protection from magic
 v - the ring "Ytixzag" (right hand) {rF++ rC- EV+4 SInv}
   (You took it off a tengu reaver on level 5 of the Vaults)

   [ring of evasion]

   It affects your evasion (+4).
   It greatly protects you from fire.
   It makes you vulnerable to cold.
   It lets you see invisible.
 x - the amulet of Vitality (around neck) {Regen+ HP+15}
   (You bought it in a shop on level 2 of the Orcish Mines)

   [amulet of regeneration]

   It affects your health (+15).
   It increases your rate of regeneration.
 M - the ring of the Pharaoh's Fist {*Contam +Fly rC+++ Int+4 SInv}
   (You found it on level 1 of the Swamp)

   [ring of see invisible]

   It affects your intelligence (+4).
   It renders you almost immune to cold.
   It lets you see invisible.
   It lets you fly.
   It causes magical contamination when unequipped.
 O - the ring "Onkoqur" (left hand) {*Corrode rElec rN+++ MP+9 EV+4}
   (You bought it in a shop on level 2 of the Snake Pit)

   [ring of evasion]

   It affects your evasion (+4).
   It insulates you from electricity.
   It renders you almost immune to negative energy.
   It affects your magic capacity (+9).
   It may corrode you when you take damage.
Scrolls
 b - a scroll of fear {@r5}
 j - a scroll of blinking {@r4}
 k - 6 scrolls of magic mapping
 r - 20 scrolls of identify {@r1}
 y - 4 scrolls of vulnerability
 z - 17 scrolls of teleportation {@r3}
 B - 2 scrolls of silence
 E - 26 scrolls of remove curse {@r2}
 F - 3 scrolls of holy word
 N - a scroll of fog {@r4}
Potions
 m - a potion of might {@q4}
 q - 16 potions of curing {@q1}
 A - 4 potions of invisibility
 H - 8 potions of mutation
 K - 2 potions of berserk rage
 P - 7 potions of brilliance
 Q - 2 potions of cancellation
 Z - 4 potions of flight
Comestibles
 g - 49 rations


   Skills:
 * Level 23.5 Fighting
 - Level 4.0 Short Blades
 + Level 22.4 Axes
 - Level 12.2(12.3) Slings
 - Level 2.0(5.9) Throwing
 + Level 24.6 Armour
 + Level 22.2 Dodging
 - Level 5.0 Stealth
 - Level 4.0 Spellcasting
 - Level 3.0 Necromancy
 - Level 10.0 Translocations


You had 24 spell levels left.
You knew the following spells:

 Your Spells              Type           Power        Failure   Level  Hunger
a - Apportation           Tloc           ####..       5%          1    #......
b - Animate Skeleton      Necr           N/A          67%         1    #......
c - Passage of Golubria   Tloc           N/A          47%         4    #####..
B - Blink                 Tloc           N/A          9%          2    ##.....

Your spell library contained the following spells:

 Spells                   Type           Power        Failure   Level  Hunger
 Gell's Gravitas          Tloc           ####......   16%         3    ###....
 Lesser Beckoning         Tloc           ####......   16%         3    ###....
 Teleport Other           Tloc           ####....     16%         3    ###....
 Shroud of Golubria       Chrm/Tloc      ##........   54%         2    ##.....
 Corpse Rot               Necr           N/A          82%         2    ##.....
 Sublimation of Blood     Necr           #.........   82%         2    ##.....
 Confusing Touch          Hex            #.....       97%         1    #......
 Freeze                   Ice            #...         97%         1    #......
 Sandblast                Erth           #.....       97%         1    #......
 Poisonous Vapours        Pois/Air       #.....       99%         2    ##.....
 Slow                     Hex            #.......     99%         2    ##.....
 Swiftness                Chrm/Air       #.......     99%         2    ##.....
 Confuse                  Hex            #.......     100%        3    ###....
 Ozocubu's Armour         Chrm/Ice       #.......     100%        3    ###....
 Cause Fear               Hex            #.........   100%        4    #####..
 Leda's Liquefaction      Hex/Erth       #.........   100%        4    #####..
 Agony                    Necr           #.......     100%        5    ######.
 Borgnjor's Vile Clutch   Necr/Erth      #.........   100%        5    ######.
 Dispel Undead            Necr           #.......     100%        5    ######.
 Excruciating Wounds      Chrm/Necr      #.........   100%        5    ######.
 Lee's Rapid Deconstruct  Erth           #.........   100%        5    ######.
 Metabolic Englaciation   Hex/Ice        #.........   100%        5    ######.
 Silence                  Hex/Air        #.........   100%        5    ######.
 Darkness                 Hex            #.........   100%        6    #######
 Invisibility             Hex            #.......     100%        6    #######
 Ozocubu's Refrigeration  Ice            #.........   100%        6    #######
 Recall                   Summ/Tloc      Unusable     N/A         3    N/A
 Beastly Appendage        Tmut           Unusable     N/A         1    N/A
 Flame Tongue             Conj/Fire      Unusable     N/A         1    N/A
 Magic Dart               Conj           Unusable     N/A         1    N/A
 Shock                    Conj/Air       Unusable     N/A         1    N/A
 Summon Small Mammal      Summ           Unusable     N/A         1    N/A
 Call Imp                 Summ           Unusable     N/A         2    N/A
 Passwall                 Tmut/Erth      Unusable     N/A         2    N/A
 Searing Ray              Conj           Unusable     N/A         2    N/A
 Sticks to Snakes         Tmut           Unusable     N/A         2    N/A
 Throw Frost              Conj/Ice       Unusable     N/A         2    N/A
 Force Lance              Conj/Tloc      Unusable     N/A         4    N/A
 Call Canine Familiar     Summ           Unusable     N/A         3    N/A
 Conjure Flame            Conj/Fire      Unusable     N/A         3    N/A
 Dazzling Spray           Conj/Hex       Unusable     N/A         3    N/A
 Mephitic Cloud           Conj/Pois/Air  Unusable     N/A         3    N/A
 Spider Form              Tmut/Pois      Unusable     N/A         3    N/A
 Stone Arrow              Conj/Erth      Unusable     N/A         3    N/A
 Animate Dead             Necr           Unusable     N/A         4    N/A
 Fulminant Prism          Conj/Hex       Unusable     N/A         4    N/A
 Ice Form                 Ice/Tmut       Unusable     N/A         4    N/A
 Iskenderun's Mystic Bla  Conj           Unusable     N/A         4    N/A
 Petrify                  Tmut/Erth      Unusable     N/A         4    N/A
 Summon Ice Beast         Ice/Summ       Unusable     N/A         4    N/A
 Throw Icicle             Conj/Ice       Unusable     N/A         4    N/A
 Blade Hands              Tmut           Unusable     N/A         5    N/A
 Bolt of Draining         Conj/Necr      Unusable     N/A         5    N/A
 Lightning Bolt           Conj/Air       Unusable     N/A         5    N/A
 Summon Forest            Summ/Tloc      Unusable     N/A         5    N/A
 Yara's Violent Unravell  Hex/Tmut       Unusable     N/A         5    N/A
 Bolt of Cold             Conj/Ice       Unusable     N/A         6    N/A
 Bolt of Fire             Conj/Fire      Unusable     N/A         6    N/A
 Death Channel            Necr           Unusable     N/A         6    N/A
 Freezing Cloud           Conj/Ice/Air   Unusable     N/A         6    N/A
 Hydra Form               Tmut           Unusable     N/A         6    N/A
 Simulacrum               Ice/Necr       Unusable     N/A         6    N/A
 Dragon Form              Tmut           Unusable     N/A         7    N/A
 Ring of Flames           Chrm/Fire      Unusable     N/A         7    N/A
 Summon Hydra             Summ           Unusable     N/A         7    N/A
 Dragon's Call            Summ           Unusable     N/A         9    N/A

Dungeon Overview and Level Annotations

Branches:
Dungeon (15/15)            Temple (1/1) D:7            Lair (6/6) D:8
  Swamp (4/4) Lair:3        Snake (4/4) Lair:2        Slime (0/5) Lair:5
    Orc (2/2) D:9             Elf (3/3) Orc:2        Vaults (5/5) D:14
  Crypt (0/3) Vaults:2     Depths (5/5) D:15            Zot (5/5) Depths:5

Altars:
Ashenzari
Cheibriados
Dithmenos
Elyvilon
Fedhas
Gozag
Hepliaklqana
Kikubaaqudgha
Makhleb
Nemelex Xobeh
Okawaru
Qazlal
Ru
Sif Muna
Trog
Uskayaw
Vehumet
Wu Jian
Xom
Yredelemnul
Zin
The Shining One
Beogh
Jiyva
Lugonu

Shops:
D:9 (   Orc:1 %   Orc:2 =[%!   Elf:3 *   Snake:2 =}=   Vaults:3 !   Zot:1 **
Depths:1 **   Depths:3 [%

Portals:
Hell: Depths:1 Depths:2 Depths:3 Depths:4 Depths:5
Abyss: Depths:1 Depths:3 Depths:4 Depths:5
Pandemonium: Depths:3
Ziggurat: Depths:4
Trove: D:13 (lose all piety)


Innate Abilities, Weirdness & Mutations

You are small and have problems with some larger weapons.
Your magical capacity is extremely low. (-30% MP)
You are somewhat resistant to further mutation.
You cannot study or use magical devices.
You are hated by all.
You cannot study or cast Conjurations magic.
You cannot study or cast Fire magic.
You cannot study or cast Transmutations magic.
You are somewhat inexperienced. (-2 XL)
You tend to lose your temper in combat.
You are dopey. (Int -2)


Message History

Where to? (Enter - D:1 @ (x,y), ? - help)
There is a stone staircase leading up here.
You climb upwards.
There is a stone staircase leading down here.
You flicker for a moment.
You flicker back into view.
You see here a +0 club.
You see here a +0 club.
An orange demon comes into view.
You hit the orange demon. You slice the orange demon!!
You barely miss the orange demon.
The orange demon stings you but does no damage.
The orange demon misses you.
You hit the orange demon. The orange demon closely misses you.
The orange demon barely misses you.
You start to feel less resistant.
The orange demon misses you.
There is a staircase leading out of the dungeon here.
You have escaped!

# # # ####### ########
......# #......#
#####.############.####.#
##.......^.......#.####.#
##.##.##########.4....#.#
##.##.# #@#.##.#.#
......# ###4##.#.##
.###..# #.).....#
.###..##########
#.##.##.#
...#..##.......#
#.##.##.#
##....##.......#
#....##.# #....##.......#
#.#####.#
##..#..........#
#.#####)#
....####.......#
#.......#


You could see an orange demon.

Vanquished Creatures
  Tiamat (Zot:3)
  Mennas (Depths:5)
  8 orbs of fire (Zot:5)
  4 ancient liches
  A juggernaut (Depths:5)
  The ghost of Cuunt the Sniper, a legendary KoHu of Okawaru (Zot:3)
  the Lernaean hydra (Swamp:4)
  Vashnia (Snake:4)
  3 curse toes
  A caustic shrike (Depths:4)
  3 Killer Klowns
  8 golden dragons
  Nikola (Swamp:4)
  the Enchantress (Depths:2)
  4 electric golems
  3 liches
  17 tentacled monstrosities
  Asterion (Vaults:1)
  A deep elf blademaster (Elf:2)
  9 sphinxes
  20 Orb Guardians
  10 death cobs
  6 quicksilver dragons
  5 titans
  Gastronok (D:11)
  Donald (Elf:2)
  Roxanne (Elf:2)
  4 draconian monks
  11 storm dragons
  13 shadow dragons
  9 tengu reavers
  4 iron dragons
  8 frost giants
  6 thorn hunters
  8 fire giants
  16 vault wardens
  6 nagarajas
  8 draconian scorchers
  An orc warlord (Orc:2)
  2 draconian knights
  The ghost of Huimib the Cleaver, a journeyman DsAK of Lugonu (Depths:3)
  3 deep elf sorcerers
  An angel (Zot:2)
  2 ghost moths
  6 draconian shifters
  A deep elf elementalist (Elf:2)
  10 ironheart preservers
  4 small abominations
  3 draconian stormcallers
  4 draconian annihilators (Zot:4)
  5 spriggan defenders
  6 war gargoyles
  14 very ugly things
  The ghost of Tovarisch the Imperceptible, an adept FeAK of Lugonu (Vaults:2)
  20 stone giants
  12 green draconians
  2 vampire knights
  An entropy weaver (Vaults:4)
  11 black draconians
  3 deep elf annihilators
  2 dire elephants (Depths:2)
  3 deep elf demonologists
  9 white draconians
  9 purple draconians
  18 red draconians
  A dire elephant (shapeshifter) (Depths:4)
  2 large abominations (Vaults:5)
  5 spark wasps (Depths:3)
  2 blizzard demons (IceCv)
  14 yellow draconians
  Snorg (D:11)
  16 ettins
  2 deep elf death magi
  17 fire dragons
  2 deep elf high priests
  12 yaktaur captains
  2 jiangshi (Depths:4)
  4 great orbs of eyes
  8 naga warriors
  9 ice dragons
  20 hydras
  Harold (D:9)
  Erolcha (D:9)
  8 rakshasas
  2 ghost crabs
  27 vault guards
  15 ogre magi
  A monstrous demonspawn (Depths:3)
  8 alligators
  9 anacondas
  2 hell beasts
  3 spriggan air magi
  An anaconda (shapeshifter) (Depths:3)
  15 centaur warriors
  3 death knights
  61 two-headed ogres
  9 tengu warriors
  4 shambling mangroves
  23 dancing weapons
  5 orc high priests
  2 spriggan berserkers
  8 deep troll shamans
  2 shock serpents (shapeshifter)
  2 sun demons
  Urug (Lair:3)
  5 vampire magi
  7 deep troll earth magi
  Nergalle (Lair:2)
  13 deep elf knights
  A soul eater (D:3)
  15 naga sharpshooters
  9 shock serpents
  13 hell knights
  6 iron trolls
  6 salamander mystics
  A storm dragon skeleton (Depths:1)
  3 shadow wraiths
  A fire crab (shapeshifter) (Vaults:3)
  A fire crab (Lair:6)
  2 unseen horrors
  An unseen horror (shapeshifter) (Vaults:4)
  9 swamp dragons
  2 glowing orange brains
  22 deep trolls
  A naga ritualist (Snake:1)
  3 sea snakes (Snake:2)
  3 phantasmal warriors
  3 flayed ghosts
  2 spriggan druids (Swamp:2)
  A torturous demonspawn (Depths:3)
  4 lindwurms
  An obsidian statue (Zot:1)
  18 ironbrand convokers
  4 wizards
  9 deep elf archers
  12 orc knights
  4 oklob plants (Lair:5)
  An orange crystal statue (Zot:5)
  3 orc sorcerers
  13 mana vipers
  9 necromancers
  8 wolf spiders
  13 salamanders
  35 deep elf magi
  5 manticores
  38 ugly things
  A salamander (shapeshifter) (Vaults:5)
  17 moths of wrath
  9 vault sentinels
  15 elephants
  A moth of wrath (shapeshifter) (D:13)
  A toenail golem (D:7)
  11 cyclopes
  A rust devil (Depths:3)
  3 ice statues (IceCv)
  8 guardian serpents
  22 naga magi
  13 spiny frogs
  27 black mambas
  3 gargoyles
  A spiny frog (shapeshifter) (D:15)
  2 kobold demonologists
  A rime drake (shapeshifter) (Depths:2)
  2 rime drakes
  4 komodo dragons
  45 yaktaurs
  2 spriggan skeletons (Depths:1)
  An efreet (D:15)
  11 freezing wraiths
  10 ice devils (IceCv)
  A yaktaur (shapeshifter) (Elf:2)
  2 tengu conjurers
  8 polar bears (Lair:6)
  A red devil (Depths:3)
  A queen bee (D:12)
  6 raiju (Lair:6)
  6 meliai
  9 trolls
  A guardian mummy (Zot:3)
  25 hornets
  2 jumping spiders (shapeshifter) (Vaults:2)
  9 tyrant leeches
  A polar bear (shapeshifter) (D:13)
  A wind drake (shapeshifter) (Elf:1)
  37 slime creatures
  A raiju (shapeshifter) (Vaults:5)
  11 blink frogs
  2 meliai zombies (D:15)
  10 hippogriffs
  A hippogriff (shapeshifter) (Vaults:1)
  11 bog bodies
  A fire giant simulacrum (Depths:1)
  A frost giant simulacrum (Depths:1)
  A stone giant simulacrum (Depths:1)
  7 redbacks (D:13)
  Sigmund (D:6)
  10 spriggans
  3 air elementals
  A wyvern (D:10)
  53 yaks
  3 fire elementals
  A yak (shapeshifter) (D:13)
  4 vampires
  A human (D:13)
  5 fire bats (Volcano)
  Eustachio (D:6)
  6 wraiths
  6 basilisks
  2 hungry ghosts
  A human (shapeshifter) (Elf:2)
  2 steam dragons
  22 vampire mosquitoes
  Menkaure (D:6)
  14 swamp worms
  2 tengu zombies (Depths:1)
  10 insubstantial wisps
  14 wargs
  3 acid dragons
  2 iron troll simulacra (IceCv)
  31 nagas
  2 harpy simulacra (IceCv)
  12 water moccasins
  2 floating eyes
  10 hell hounds
  3 hydra simulacra (IceCv)
  16 swamp drakes
  3 porcupines
  2 floating eyes (shapeshifter)
  An ice beast (shapeshifter) (Elf:1)
  An ettin simulacrum (IceCv)
  4 ice beasts
  40 orc warriors
  A deep troll simulacrum (Depths:1)
  2 sky beasts
  12 black bears
  19 boggarts
  An eye of draining (D:15)
  2 phantoms (D:4)
  16 wolves
  A boggart (shapeshifter) (D:15)
  41 ogres
  A crocodile (shapeshifter) (Depths:1)
  9 crocodiles
  37 centaurs
  Blork the orc (D:6)
  A big kobold (D:12)
  15 bullfrogs
  2 earth elementals (Elf:1)
  2 water moccasin skeletons
  20 killer bees (D:12)
  2 scorpions
  4 wights (D:12)
  2 electric eels (Snake:2)
  A howler monkey (shapeshifter) (Depths:3)
  A centaur zombie (D:11)
  9 crimson imps
  A quasit (Depths:3)
  6 hounds
  4 jellies
  A gnoll shaman (D:7)
  2 bullfrog skeletons
  30 orc priests
  5 centaur skeletons
  3 iron imps (Depths:3)
  15 worker ants
  39 orc wizards
  A killer bee zombie (D:6)
  A hound skeleton (D:10)
  A worker ant zombie (D:10)
  13 gnolls
  8 adders
  5 shadow imps
  3 white imps (Lair:6)
  2 ufetubi (Depths:3)
  4 oozes
  An adder zombie (D:5)
  An adder skeleton (D:9)
  A worm (D:3)
  4 dart slugs
  3 leopard geckos
  100 orcs
  6 giant cockroaches
  9 goblins
  5 hobgoblins
  4 jackals (D:7)
  5 quokkas
  9 bats
  5 frilled lizards
  A giant cockroach zombie (D:5)
  2 jackal zombies
  13 kobolds
  A leopard gecko skeleton (D:4)
  A leopard gecko zombie (D:5)
  3 rats
  8 briar patches
  A crawling corpse (Vaults:4)
  3 plants
2193 creatures vanquished.

Vanquished Creatures (collateral kills)
  A hydra (Lair:6)
  A black mamba (Lair:6)
  A torpor snail (Lair:6)
  A spiny frog (Lair:6)
  A hippogriff (Lair:6)
  3 dream sheep (Lair:6)
  2 fire bats (Volcano)
  A water moccasin (Lair:6)
11 creatures vanquished.

Vanquished Creatures (others)
  An ancient lich (Zot:5)
  An orb of fire (Zot:5)
  The ghost of Qoffopaidego the Axe Maniac, a legendary MiBe of Trog (Zot:1)
  2 golden dragons
  Jory (Depths:5)
  A bone dragon (Depths:5)
  An electric golem (Zot:1)
  5 Orb Guardians (Zot:5)
  A quicksilver dragon (Zot:5)
  A sphinx (Depths:3)
  A storm dragon (Vaults:5)
  3 draconian monks
  2 fire giants
  A ghost moth (Zot:2)
  A draconian knight (Zot:2)
  A very ugly thing (Swamp:2)
  A draconian stormcaller (Zot:3)
  2 draconian shifters
  2 ironheart preservers
  A deep elf elementalist (Depths:4)
  4 stone giants
  A war gargoyle (Vaults:5)
  A draconian annihilator (Zot:5)
  A yellow draconian (Zot:4)
  A deep elf demonologist (Vaults:5)
  A black draconian (Zot:4)
  3 spark wasps (Depths:3)
  4 hydras
  A yaktaur captain (Depths:4)
  A great orb of eyes (Vaults:1)
  3 anacondas (Snake:4)
  A naga warrior (Snake:3)
  A vault guard (Vaults:3)
  2 two-headed ogres
  A dancing weapon (Elf:2)
  A deep troll earth mage (Depths:4)
  A naga sharpshooter (Snake:4)
  2 swamp dragons
  A deep troll (Depths:5)
  A lindwurm (Snake:4)
  A necromancer (Depths:1)
  4 deep elf magi
  2 ugly things (Depths:1)
  A wolf spider zombie (D:15)
  An orc knight (Vaults:5)
  A moth of wrath (Zot:4)
  A cyclops (D:15)
  3 slime creatures
  2 black mambas
  An elephant (Lair:4)
  2 spiny frogs
  A spiny frog (shapeshifter) (Depths:2)
  A komodo dragon (D:8)
  5 yaktaurs
  A golden dragon simulacrum (IceCv)
  A polar bear (Lair:6)
  A bog body (Swamp:3)
  A redback (D:13)
  A water elemental (Elf:1)
  2 yaks
  A steam dragon (Volcano)
  A harpy simulacrum (IceCv)
  A naga (Lair:2)
  A water moccasin (Lair:6)
  An orc warrior (Orc:2)
  A black bear (Lair:6)
  2 wolves (Lair:6)
  An ogre (Vaults:3)
  2 boggarts
  2 centaurs (Depths:3)
  A bullfrog (D:11)
  An orc wizard (Orc:2)
  2 orcs
  A goblin (D:3)
  A briar patch (Swamp:3)
  A crawling corpse (Vaults:5)
  10 fungi
  24 plants
149 creatures vanquished.

Grand Total: 2353 creatures vanquished

Notes
Turn   | Place    | Note
-------+----------+-------------------------------------------
     0 | D:1      | Flooderbenga the Halfling Assassin began the quest for the
                  | Orb.
     0 | D:1      | Reached XP level 1. HP: 14/14 MP: 1/1
   131 | D:1      | Reached XP level 2. HP: 16/19 MP: 2/2
   249 | D:1      | Found a sparkling altar of Nemelex Xobeh.
   769 | D:1      | Reached XP level 3. HP: 19/24 MP: 3/3
   972 | D:1      | Reached skill level 1 in Slings
  2140 | D:2      | Reached XP level 4. HP: 30/30 MP: 4/4
  2873 | D:3      | Reached XP level 5. HP: 35/35 MP: 5/5
  3605 | D:3      | Reached skill level 5 in Slings
  3605 | D:3      | Reached XP level 6. HP: 23/42 MP: 3/6
  3886 | D:3      | Found a white marble altar of Elyvilon.
  4144 | D:3      | HP: 2/63 [poisoned by an orc]
  4480 | D:4      | Noticed a phantom
  4500 | D:4      | Killed a phantom
  4649 | D:4      | Reached XP level 7. HP: 17/47 MP: 2/7
  4918 | D:4      | Found a shadowy altar of Dithmenos.
  5978 | D:5      | Entered Level 5 of the Dungeon
  6525 | D:5      | Reached XP level 8. HP: 54/54 MP: 8/8
  7360 | D:6      | Noticed Eustachio
  7584 | D:6      | Found a hazy altar of Hepliaklqana.
  7737 | D:6      | Killed Eustachio
  7737 | D:6      | Reached skill level 5 in Fighting
  7737 | D:6      | Reached skill level 10 in Slings
  7951 | D:6      | Noticed Sigmund
  7956 | D:6      | Killed Sigmund
  8001 | D:6      | Noticed Menkaure
  8050 | D:6      | Noticed Blork the orc
  8079 | D:6      | Killed Blork the orc
  8452 | D:7      | Noticed a manticore
  8573 | D:6      | Killed Menkaure
  8573 | D:6      | Reached XP level 9. HP: 38/62 MP: 9/9
  8785 | D:7      | Found a staircase to the Ecumenical Temple.
  8825 | Temple   | Entered the Ecumenical Temple
  9109 | Temple   | Became a worshipper of Ru the Awakened
  9281 | D:7      | Reached skill level 1 in Armour
  9415 | D:7      | Killed a manticore
  9415 | D:7      | Reached skill level 2 in Armour
  9952 | D:8      | Reached skill level 3 in Armour
 10051 | D:8      | Found a stormy altar of Qazlal.
 10243 | D:8      | Found a staircase to the Lair.
 10244 | D:8      | Noticed a komodo dragon
 10817 | D:9      | Noticed Harold
 10834 | D:9      | Found Quomeske's Weapon Emporium.
 10863 | D:9      | Reached XP level 10. HP: 59/71 MP: 10/10
 10879 | D:9      | Reached skill level 4 in Armour
 11012 | D:9      | Reached skill level 5 in Dodging
 11022 | D:9      | Gained mutation: You cannot study or use magical devices.
                  | [Ru sacrifice]
 11022 | D:9      | Reached * piety under Ru
 11022 | D:9      | Reached ** piety under Ru
 11392 | D:9      | Paralysed by a hornet for 1 turns
 11394 | D:9      | Reached skill level 5 in Armour
 11477 | D:9      | Found a staircase to the Orcish Mines.
 11816 | D:9      | Paralysed by a hornet for 1 turns
 12345 | D:9      | Reached skill level 6 in Armour
 12931 | D:9      | Reached XP level 11. HP: 71/78 MP: 11/11
 13049 | Lair:1   | Entered Level 1 of the Lair of Beasts
 13806 | D:9      | Found a roughly hewn altar of Beogh.
 14128 | Lair:1   | Reached skill level 7 in Armour
 14747 | Lair:1   | Noticed an eight-headed hydra
 14771 | Lair:1   | Upgraded the game from 0.23-a0-558-g30802b1 to
                  | 0.23-a0-565-g3e74e4c
 14908 | Lair:1   | Gained mutation: You are somewhat inexperienced. (-2 XL)
                  | [Ru sacrifice]
 14908 | Lair:1   | Reached XP level 10. HP: 73/73 MP: 19/19
 14908 | Lair:1   | Reached XP level 9. HP: 67/67 MP: 18/18
 14908 | Lair:1   | Reached *** piety under Ru
 14908 | Lair:1   | Reached **** piety under Ru
 15495 | Lair:2   | Noticed a hippogriff
 15574 | Lair:2   | Noticed a spiny frog
 15844 | D:10     | Entered Level 10 of the Dungeon
 16108 | D:10     | Noticed a gargoyle
 16232 | D:10     | Reached skill level 8 in Armour
 16232 | D:10     | Reached XP level 10. HP: 74/74 MP: 10/10
 16476 | D:10     | Learned a level 1 spell: Animate Skeleton
 16478 | D:10     | Learned a level 1 spell: Apportation
 16582 | D:10     | Noticed an orc sorcerer
 16582 | D:10     | Noticed an orc sorcerer
 17179 | Lair:1   | Killed a spiny frog
 17179 | Lair:1   | Reached skill level 1 in Translocations
 17499 | Lair:2   | Found a staircase to the Snake Pit.
 17574 | Lair:2   | Reached skill level 5 in Stealth
 17574 | Lair:2   | Reached skill level 1 in Necromancy
 18163 | Lair:2   | Noticed Nergalle
 18236 | Lair:2   | Reached XP level 11. HP: 75/80 MP: 11/11
 18945 | Lair:3   | Noticed Urug
 19182 | D:9      | Killed Harold
 19301 | D:9      | Noticed a two-headed ogre
 19302 | D:9      | Noticed a two-headed ogre
 19337 | D:9      | Killed a two-headed ogre
 19360 | D:9      | Killed a two-headed ogre
 19360 | D:9      | Reached skill level 9 in Armour
 19374 | D:9      | Noticed a two-headed ogre
 19482 | D:9      | Bought a +1 vampiric broad axe for 228 gold pieces
 19989 | D:9      | Killed a two-headed ogre
 19989 | D:9      | Reached skill level 10 in Fighting
 20018 | D:9      | Noticed a two-headed ogre
 20018 | D:9      | Noticed a two-headed ogre
 20018 | D:9      | Noticed a two-headed ogre
 20029 | D:9      | Noticed Erolcha
 20049 | D:9      | Killed a two-headed ogre
 20128 | D:9      | Killed a two-headed ogre
 20138 | D:9      | Killed a two-headed ogre
 20138 | D:9      | Reached XP level 12. HP: 87/87 MP: 12/12
 20258 | D:10     | Noticed a swamp dragon
 20289 | D:10     | Reached skill level 10 in Dodging
 20298 | D:10     | Noticed a centaur warrior
 20313 | D:10     | Killed an unseen horror
 20345 | D:10     | Killed a centaur warrior
 20345 | D:10     | Reached skill level 10 in Armour
 20499 | D:10     | Got a fine amethyst amulet
 20501 | D:10     | Identified the amulet of Vaotuixu {Spirit Fragile Int+8
                  | Dex+2 SInv} (You found it on level 10 of the Dungeon)
 20792 | D:10     | Got a twitching tin ring
 20794 | D:10     | Identified the ring "Qeduol" {+Fly rC+} (You found it on
                  | level 10 of the Dungeon)
 20980 | D:10     | Identified the ring of Dishonour {+Fly Int+4}
 21001 | D:10     | Noticed an ice dragon
 21529 | D:10     | Got a pitted hunting sling
 21547 | D:10     | Identified the +1 hunting sling of Benevolence {venom, MP+9
                  | Int+9} (You found it on level 10 of the Dungeon)
 22228 | Lair:3   | Killed Urug
 22634 | Lair:3   | Found a staircase to the Swamp.
 23150 | Lair:4   | Reached skill level 11 in Armour
 23885 | Lair:4   | Reached skill level 1 in Spellcasting
 23885 | Lair:4   | Reached XP level 13. HP: 46/95 MP: 14/14
 24899 | Lair:5   | Found a viscous altar of Jiyva.
 24900 | Lair:5   | Found a staircase to the Slime Pits.
 26521 | Lair:6   | Entered Level 6 of the Lair of Beasts
 26612 | Lair:5   | Reached skill level 12 in Armour
 26674 | Lair:6   | Noticed a five-headed hydra
 26745 | Lair:6   | Found a dark tunnel.
 26861 | Volcano  | Entered a volcano
 26997 | Volcano  | Noticed a fire dragon
 27036 | Volcano  | Killed a fire dragon
 27396 | Lair:6   | Reached skill level 1 in Axes
 27402 | Lair:6   | Noticed a six-headed hydra
 27445 | Lair:6   | Killed a six-headed hydra
 27698 | Lair:6   | Reached XP level 14. HP: 103/103 MP: 15/15
 27743 | Lair:6   | Identified Uhyoq Luroa's Catalogue of Weightlessness
 27789 | Lair:6   | Identified a scroll of acquirement
 28029 | Lair:6   | Reached skill level 5 in Axes
 28781 | Lair:6   | Gained mutation: You are hated by all. [Ru sacrifice]
 28781 | Lair:6   | Reached ***** piety under Ru
 31210 | D:10     | Reached skill level 10 in Axes
 31519 | Orc:1    | Entered Level 1 of the Orcish Mines
 31519 | Orc:1    | Found Zubios's Food Boutique.
 32107 | D:11     | Noticed Gastronok
 32483 | D:11     | Reached XP level 15. HP: 83/108 MP: 16/16
 32801 | D:11     | Killed Gastronok
 32969 | D:11     | Noticed Snorg
 32989 | D:11     | Killed Snorg
 33057 | D:11     | Upgraded the game from 0.23-a0-565-g3e74e4c to
                  | 0.23-a0-577-g2b1de94
 34401 | D:12     | Learned a level 2 spell: Blink
 35224 | Orc:2    | Entered Level 2 of the Orcish Mines
 35952 | Orc:2    | Noticed an orc warlord
 36019 | Orc:2    | Killed an orc warlord
 36242 | Orc:2    | Found a staircase to the Elven Halls.
 36412 | Orc:2    | Reached skill level 5 in Translocations
 36493 | Orc:2    | Found Sach's Distillery.
 36493 | Orc:2    | Found Nuoguf's Jewellery Boutique.
 36493 | Orc:2    | Found Piggial's Armour Boutique.
 36496 | Orc:2    | Found Qaal's Food Shop.
 36531 | Orc:2    | Bought a potion of curing for 36 gold pieces
 36531 | Orc:2    | Bought a potion of curing for 36 gold pieces
 36531 | Orc:2    | Bought a potion of ambrosia for 96 gold pieces
 36531 | Orc:2    | Bought a potion of heal wounds for 60 gold pieces
 37125 | Orc:1    | Found a roughly hewn altar of Beogh.
 38165 | D:13     | Reached XP level 16. HP: 114/114 MP: 17/17
 38217 | D:13     | Found a portal to a secret trove of treasure.
 38822 | D:14     | Found an opulent altar of Gozag.
 39273 | D:14     | Reached skill level 15 in Axes
 39492 | D:14     | Found a gate to the Vaults.
 39629 | D:15     | Entered Level 15 of the Dungeon
 40000 | D:15     | Noticed a fire giant
 40494 | D:15     | Identified the +5 ring mail of Ashenzari's Outrage {+Blink}
                  | (You found it on level 15 of the Dungeon)
 40836 | D:15     | Found a staircase to the Depths.
 41201 | D:14     | Flooderbenga: !very ugly thing
 41201 | D:14     | Flooderbenga: !slime creature
 41201 | D:14     | Flooderbenga: ?slime creature
 41201 | D:14     | Flooderbenga: ??slime creature
 41201 | D:14     | beem: slime creature[1/4]: Can merge together to form
                  | bigger slime creatures. Try not to let them merge more than
                  | once, because the damage only keeps increasing, from 44 for
                  | two slimes up to 110 for five slimes.
 41201 | D:14     | Flooderbenga: ??very ugly thing
 41201 | D:14     | beem: very ugly thing[1/1]: mid-game monster that comes in
                  | groups, often reigning over ugly things. Produces mutagenic
                  | corpses. Like ugly things, moves slightly faster than a
                  | normal speed character. In 0.15, buffed to be elemental
                  | dire elephants.
 41201 | D:14     | Flooderbenga: ??cyan very ugly thing
 41201 | D:14     | beem: I don't have a page labeled cyan_very_ugly_thing in
                  | my learndb.
 42847 | D:9      | Killed Erolcha
 42977 | D:13     | Identified the +6 dagger "Baah" {freeze, *Slow +Fly rN++
                  | Int+4} (You found it on level 13 of the Dungeon)
 43316 | Lair:2   | Killed Nergalle
 43750 | Swamp:1  | Entered Level 1 of the Swamp
 44531 | Swamp:1  | Reached XP level 17. HP: 103/119 MP: 18/18
 44874 | Swamp:1  | Noticed a thorn hunter
 44900 | Swamp:1  | Killed a thorn hunter
 45127 | Swamp:1  | Got a steaming silver ring
 45845 | Swamp:2  | Found a frozen archway.
 46107 | IceCv    | Entered an ice cave
 46671 | IceCv    | Learned a level 4 spell: Passage of Golubria
 47006 | IceCv    | Identified the ring of the Pharaoh's Fist {*Contam +Fly
                  | rC+++ Int+4 SInv} (You found it on level 1 of the Swamp)
 47126 | IceCv    | Identified the cursed +0 chain mail of Spring {Int+2 Dex+3
                  | Stlth-} (You found it in an ice cave)
 48459 | Swamp:3  | Noticed a thorn hunter
 48460 | Swamp:3  | Noticed a thorn hunter
 48660 | Snake:1  | Entered Level 1 of the Snake Pit
 50365 | Snake:2  | Reached XP level 18. HP: 127/127 MP: 21/21
 50594 | Snake:2  | Found Eplethay's Gadget Boutique.
 50595 | Snake:2  | Found Owomp's Jewellery Emporium.
 50595 | Snake:2  | Found Qeuphis's Jewellery Emporium.
 51970 | Snake:3  | Gained mutation: You cannot study or cast Fire magic. [Ru
                  | sacrifice]
 51970 | Snake:3  | Gained mutation: You cannot study or cast Transmutations
                  | magic. [Ru sacrifice]
 51970 | Snake:3  | Gained mutation: You cannot study or cast Conjurations
                  | magic. [Ru sacrifice]
 52373 | Snake:4  | Entered Level 4 of the Snake Pit
 52387 | Snake:4  | Noticed Vashnia
 52795 | Swamp:3  | Got a warped chain mail
 52811 | Swamp:2  | Identified the +2 chain mail of the Hare {rPois rF+ rN+}
                  | (You acquired it on level 3 of the Swamp)
 54100 | Swamp:4  | Entered Level 4 of the Swamp
 54102 | Swamp:4  | Noticed Nikola
 54459 | Orc:2    | Bought a +0 cloak of poison resistance for 127 gold pieces
 54650 | Snake:2  | Bought the ring "Onkoqur" {*Corrode rElec rN+++ MP+9 EV+4}
                  | for 1180 gold pieces
 55396 | Snake:4  | Gained mutation: Your magical capacity is low. (-10% MP)
                  | [Ru sacrifice]
 55396 | Snake:4  | Reached ****** piety under Ru
 55706 | Snake:4  | Killed Vashnia
 56323 | Snake:4  | Reached skill level 13 in Armour
 56330 | Snake:4  | Reached XP level 19. HP: 135/135 MP: 19/19
 56952 | Snake:4  | Reached skill level 14 in Armour
 56980 | Snake:4  | Got a serpentine rune of Zot
 57422 | Swamp:4  | Killed Nikola
 59550 | Swamp:4  | Noticed the 27-headed Lernaean hydra
 59567 | Swamp:4  | Killed the 27-headed Lernaean hydra
 59567 | Swamp:4  | Reached skill level 15 in Armour
 60024 | Swamp:4  | Reached XP level 20. HP: 139/144 MP: 20/20
 60145 | Swamp:4  | Got a decaying rune of Zot
 60972 | Vaults:1 | Entered Level 1 of the Vaults
 61497 | Vaults:1 | Noticed Asterion
 62415 | Vaults:1 | Killed Asterion
 62892 | Vaults:1 | Reached skill level 16 in Armour
 63291 | Vaults:2 | Reached skill level 15 in Fighting
 63522 | Vaults:2 | Identified the +4 dagger "Heof" {pain, +Blink Int+4} (You
                  | found it on level 2 of the Vaults)
 63548 | Vaults:2 | Found a staircase to the Crypt.
 63548 | Vaults:2 | Found a basalt altar of Yredelemnul.
 63549 | Vaults:2 | Found an ancient bone altar of Kikubaaqudgha.
 63754 | Vaults:2 | Found a runed gate.
 63757 | Vaults:2 | Noticed Tovarisch's ghost (adept FeAK)
 63758 | Vaults:2 | Found a runed gate.
 63758 | Vaults:2 | Found a runed gate.
 64847 | Vaults:2 | Identified the ring "Gowkezal" {rN+ Str+4 Dex+4}
 64958 | Vaults:2 | Reached skill level 17 in Armour
 64958 | Vaults:2 | Reached XP level 21. HP: 151/151 MP: 21/21
 64976 | Vaults:2 | Reached skill level 15 in Dodging
 65009 | Vaults:2 | Killed Tovarisch's ghost
 65393 | Vaults:3 | Found Willin Suuh's Distillery.
 65396 | Vaults:3 | Bought 2 potions of haste for 200 gold pieces
 65396 | Vaults:3 | Bought a potion of ambrosia for 80 gold pieces
 65396 | Vaults:3 | Bought a potion of agility for 40 gold pieces
 65396 | Vaults:3 | Bought a potion of might for 40 gold pieces
 65396 | Vaults:3 | Bought a potion of heal wounds for 50 gold pieces
 65396 | Vaults:3 | Bought a potion of haste for 100 gold pieces
 66238 | Vaults:3 | Reached skill level 18 in Armour
 67385 | Vaults:4 | Upgraded the game from 0.23-a0-577-g2b1de94 to
                  | 0.23-a0-582-g1b4a0ca
 67396 | Vaults:4 | Reached XP level 22. HP: 159/159 MP: 23/23
 68435 | Depths:1 | Entered Level 1 of the Depths
 68760 | Depths:1 | Reached skill level 19 in Armour
 69062 | Depths:1 | Found Rothruism's General Store.
 69070 | Depths:1 | Bought a scroll of blinking for 120 gold pieces
 69177 | Depths:1 | Found Tiytal's Blood Bar.
 69540 | Depths:1 | Found a one-way gate to the infinite horrors of the Abyss.
 69559 | Depths:1 | Found a gateway to Hell.
 69891 | Depths:2 | You fall through a shaft!
 69891 | Depths:3 | Found Boir's Food Boutique.
 69891 | Depths:3 | Found Kuqo's Armour Shop.
 70080 | Depths:3 | Found a runed gate.
 70174 | Depths:3 | You fall through a shaft for 2 floors!
 70174 | Depths:5 | Entered Level 5 of the Depths
 70195 | Depths:5 | Reached skill level 10 in Translocations
 70230 | Depths:5 | Noticed Jory
 70466 | Depths:4 | Reached XP level 23. HP: 166/166 MP: 26/26
 70817 | Depths:4 | Paralysed by a floating eye for 2 turns
 70825 | Depths:4 | Paralysed by a floating eye for 4 turns
 71175 | Depths:4 | Reached skill level 20 in Armour
 71671 | Depths:2 | Identified the +1 giant club "Dragonslayer" {pain, MR+}
 71671 | Depths:2 | Identified the +4 giant club "Kisoadaf" {flame, Str+5}
 71878 | Depths:2 | Found a radiant altar of Vehumet.
 71879 | Depths:2 | Identified the +4 faerie dragon scales {rElec rCorr HP-2
                  | Int+4}
 71879 | Depths:2 | Noticed the Enchantress
 72280 | Depths:3 | Upgraded the game from 0.23-a0-582-g1b4a0ca to
                  | 0.23-a0-584-g44dd78f
 72445 | Depths:3 | Found a runed gate.
 72445 | Depths:3 | Found a runed gate.
 72450 | Depths:3 | Noticed Huimib's ghost (journeyman DsAK)
 72746 | Depths:3 | Found a one-way gate leading to the halls of Pandemonium.
 73413 | Depths:3 | Identified the cursed +1 plate armour of Trog's Delight
                  | {rN+} (You found it on level 3 of the Depths)
 73429 | Depths:3 | Identified the cursed +1 short sword "Jaott" {pierce, rElec
                  | MR+ Str+4} (You found it on level 3 of the Depths)
 73744 | Depths:4 | Noticed a caustic shrike
 73770 | Depths:4 | Killed a caustic shrike
 73864 | Depths:4 | Noticed a golden dragon
 73896 | Depths:4 | Killed a golden dragon
 73896 | Depths:4 | Reached XP level 24. HP: 168/175 MP: 20/26
 73908 | Depths:4 | Reached skill level 21 in Armour
 74272 | Depths:4 | Found a gateway to a ziggurat.
 74452 | Depths:4 | Identified the +1 war axe of Vomuin {pain, Dex+2}
 74452 | Depths:4 | Identified the ring of Vukiesuk {+Fly rF- rN+++ AC+2 Int-5}
 74745 | Depths:5 | Flooderbenga: ??floating eye
 74745 | Depths:5 | beem: floating eye[1/3]: While these never have and never
                  | will kill any adventurers by themselves, their presence
                  | increases the danger of the other monsters enormously due
                  | to paralysing anyone they stare at. Great players who have
                  | been felled by giant eyeballs include Stabwound, Iaido, and
                  | Julius Caesar. Called a giant eyeball in 0.18 and earlier.
 74745 | Depths:5 | Flooderbenga: ??floating eye[2
 74745 | Depths:5 | beem: floating eye[2/3]: !lg Siveran char=KoAr killer="acid
                  | blob" 1 -tv
 74745 | Depths:5 | Flooderbenga: ??floating eye[3
 74745 | Depths:5 | beem: floating eye[3/3]: The giant eyeball evaporates and
                  | reforms as a gnoll! _The gnoll picks up a wand of
                  | paralysis.
 74761 | Depths:5 | Paralysed by a floating eye for 3 turns
 74844 | Depths:5 | Found a corrupted altar of Lugonu.
 75147 | Depths:5 | Noticed a juggernaut
 75169 | Depths:5 | Killed a juggernaut
 75189 | Depths:5 | Killed Jory
 75199 | Depths:5 | Identified the +6 scale mail "Mevac" {Regen+ Dex+4} (You
                  | found it on level 5 of the Depths)
 75603 | Depths:5 | Found a gate to the Realm of Zot.
 75610 | Depths:5 | Noticed a golden dragon
 75683 | Depths:5 | Killed a golden dragon
 75733 | Depths:5 | Noticed Mennas
 75762 | Depths:5 | Killed Mennas
 76478 | Depths:5 | Noticed a golden dragon
 76497 | Depths:5 | Killed a golden dragon
 77123 | Orc:2    | Bought an uncursed ring of protection from magic for 400
                  | gold pieces
 77127 | Orc:2    | Bought the amulet of Vitality {Regen+ HP+15} for 1264 gold
                  | pieces
 77127 | Orc:2    | Found the amulet of Vitality {Regen+ HP+15}
 77131 | Orc:2    | Bought 2 potions of invisibility for 192 gold pieces
 77131 | Orc:2    | Bought a potion of mutation for 96 gold pieces
 77338 | Snake:2  | Bought the ring "Daic" {rPois rF++ rN+ Str-4} for 765 gold
                  | pieces
 77852 | Vaults:5 | Entered Level 5 of the Vaults
 77855 | Vaults:5 | Reached XP level 25. HP: 184/184 MP: 26/26
 77856 | Vaults:5 | Noticed an ancient lich
 77866 | Vaults:5 | Killed an ancient lich
 77878 | Vaults:5 | Identified the ring "Ytixzag" {rF++ rC- EV+4 SInv}
 78230 | Vaults:5 | Reached skill level 22 in Armour
 78252 | Vaults:5 | Identified the +11 spear of Disembowelment {pierce, rElec
                  | Dex+3}
 78252 | Vaults:5 | Identified the ring "Saubbo Gogyi" {Wiz Dex+3}
 78635 | Vaults:5 | Noticed an ancient lich
 78670 | Vaults:5 | Killed an ancient lich
 78850 | Vaults:5 | Identified the cursed +2 spear "Axtuonn" {pierce, MP+9
                  | Str+2 Int+2}
 78886 | Vaults:5 | Identified the +2 morningstar of the Maze {elec, *Contam
                  | rPois rC+}
 78938 | Vaults:5 | Identified the +1 plate armour of Fortitude {Int+5 Dex+3
                  | Stlth-} (You found it on level 5 of the Vaults)
 79355 | Vaults:5 | Got a silver rune of Zot
 79494 | Vaults:5 | Identified the cursed +0 robe of Negation {MP+9 Dex+2} (You
                  | found it on level 5 of the Vaults)
 80346 | Depths:3 | Killed Huimib's ghost
 81375 | Depths:2 | Identified the +7 quarterstaff "Izxom" {drain, rF+ MP+9
                  | Int+3}
 81430 | Depths:2 | Killed the Enchantress
 81891 | Zot:1    | Entered Level 1 of the Realm of Zot
 82589 | Zot:1    | Found a runed gate.
 82590 | Zot:1    | Found a runed gate.
 82590 | Zot:1    | Found an opulent altar of Gozag.
 82595 | Zot:1    | Found a runed gate.
 82599 | Zot:1    | Found Pastudy's Assorted Antiques.
 82600 | Zot:1    | Found Kiliz's Assorted Antiques.
 82600 | Zot:1    | Noticed Qoffopaidego's ghost (legendary MiBe)
 82631 | Zot:1    | Killed Qoffopaidego's ghost
 82661 | Zot:1    | Bought a potion of curing for 81 gold pieces
 82666 | Zot:1    | Bought a scroll of silence for 390 gold pieces
 82666 | Zot:1    | Bought a scroll of teleportation for 156 gold pieces
 82822 | Depths:1 | Bought a potion of ambrosia for 128 gold pieces
 83408 | Zot:3    | Noticed an ancient lich
 83408 | Zot:3    | Noticed a Killer Klown
 83432 | Zot:2    | Killed an ancient lich
 83482 | Zot:2    | Killed a Killer Klown
 83934 | Zot:3    | Reached skill level 23 in Armour
 84064 | Zot:3    | Identified the +1 quarterstaff of the Undead {flame, rF+++
                  | Int-4 Dex+4} (You found it on level 3 of the Realm of Zot)
 84531 | Depths:1 | Bought a scroll of acquirement for 832 gold pieces
 84532 | Depths:1 | Got an iridescent hunting sling
 84533 | Depths:1 | Identified the +6 hunting sling "Mirchaore" {flame, +Inv}
                  | (You acquired it on level 1 of the Depths)
 84738 | Zot:5    | Entered Level 5 of the Realm of Zot
 85058 | Zot:4    | Noticed a curse toe
 85081 | Zot:4    | Killed a curse toe
 85680 | Zot:4    | Noticed a curse toe
 86167 | Zot:3    | Identified the +4 dragonskin cloak
 86167 | Zot:3    | Noticed Tiamat
 86357 | Zot:3    | Flooderbenga: ??tiamat
 86357 | Zot:3    | beem: tiamat[1/1]: A unique draconian, found in Zot. Tread
                  | carefully. Always has the {dragonskin cloak}, which you
                  | should note will grant her various resistances. Enjoys
                  | randomly changing her colour (and her breath weapon to
                  | match). Comes with a band of draconian pals, and can be
                  | tricky to spot among them.
 87299 | Elf:1    | Entered Level 1 of the Elven Halls
 87837 | Elf:1    | Found a sparkling altar of Nemelex Xobeh.
 88068 | Elf:1    | Identified Sif Muna's Disquisition on Creation
 88482 | Elf:2    | Found a runed gate.
 88482 | Elf:2    | Found a runed gate.
 88483 | Elf:2    | Found a runed gate.
 88703 | Elf:2    | Identified Roxanne's Incunabulum of the Rocks
 88703 | Elf:2    | Noticed Roxanne
 88750 | Elf:2    | Killed Roxanne
 88874 | Elf:2    | Noticed Donald
 88901 | Elf:2    | Killed Donald
 89252 | Elf:3    | Entered Level 3 of the Elven Halls
 89276 | Elf:3    | Found Iffysopo's General Store.
 89284 | Elf:3    | Bought a potion of might for 76 gold pieces
 89837 | Zot:3    | Killed Tiamat
 90204 | Zot:3    | Found a runed door.
 90204 | Zot:3    | Found a shimmering altar of Xom.
 90204 | Zot:3    | Identified the +5 demon trident of Wounding {chaos, Str+4
                  | Dex+3}
 90204 | Zot:3    | Noticed Cuunt's ghost (legendary KoHu)
 90254 | Zot:3    | Killed Cuunt's ghost
 91117 | Zot:4    | Killed a curse toe
 91612 | Zot:5    | Noticed a curse toe
 92507 | Zot:5    | Noticed an ancient lich
 92507 | Zot:5    | Noticed an orb of fire
 92507 | Zot:5    | Noticed an orb of fire
 92507 | Zot:5    | Noticed an ancient lich
 92508 | Zot:5    | Reached skill level 24 in Armour
 92508 | Zot:5    | Noticed an orb of fire
 92508 | Zot:5    | Gained mutation: Your magical capacity is very low. (-20%
                  | MP) [an orb of fire]
 92539 | Zot:5    | Noticed an orb of fire
 93648 | Zot:5    | Noticed an orb of fire
 93655 | Zot:5    | Killed a curse toe
 93657 | Zot:5    | Noticed an orb of fire
 93664 | Zot:5    | Gained mutation: You tend to lose your temper in combat.
                  | [an orb of fire]
 93683 | Zot:5    | Killed an orb of fire
 93726 | Zot:5    | Banished an ancient lich
 93744 | Zot:5    | Noticed an orb of fire
 93754 | Zot:5    | Banished an orb of fire
 93876 | Zot:5    | Killed an orb of fire
 93877 | Zot:5    | Killed an orb of fire
 94069 | Zot:5    | Noticed an orb of fire
 94080 | Zot:5    | Noticed a Killer Klown
 94082 | Zot:5    | Noticed an orb of fire
 94090 | Zot:5    | Killed an ancient lich
 94094 | Zot:5    | Killed an orb of fire
 94113 | Zot:5    | Gained mutation: You are dopey. (Int -2) [an orb of fire]
 94123 | Zot:5    | Killed an orb of fire
 94124 | Zot:5    | Gained mutation: Your magical capacity is extremely low.
                  | (-30% MP) [an orb of fire]
 94125 | Zot:5    | Killed an orb of fire
 94264 | Zot:5    | Killed a Killer Klown
 94278 | Zot:5    | Noticed a Killer Klown
 94310 | Zot:5    | Killed a Killer Klown
 94456 | Zot:5    | Killed an orb of fire
 94618 | Zot:5    | Killed an orb of fire
 95259 | Zot:5    | Got the Orb of Zot
 95269 | Zot:5    | Noticed Liaxijamp the pandemonium lord
 95601 | Depths:1 | Noticed Fuczoal the pandemonium lord
 95601 | Depths:1 | Noticed an ancient lich
 95944 | D:$      | Escaped with the Orb!

Vault maps used:
D:1:      dpeg_arrival_tiny_a, kennysheep_another_room,
          nemelex_diamond_rough_becter
D:2:      kennysheep_generic_room_6
D:3:      first_ration, elyvilon_altar_4
D:4:      nicolae_dithmenos_the_darkroom
D:5:      serial_park_tiny_2, kennysheep_generic_room_16
D:6:      basic_altar, solitary_fountain, uniq_sigmund, uniq_menkaure,
          uniq_blork_the_orc, uniq_eustachio
D:7:      minmay_temple_entry_grid
D:8:      grunt_qazlal_sundering, david_lair_shrubbed
D:9:      lemuel_ogre_cave, minmay_orc_entry_temple_small, serial_shops,
          kennysheep_mini, uniq_harold
D:10:     minmay_the_grid_4x2
D:11:     minmay_angry_zag, uniq_gastronok, uniq_snorg
D:12:     special_room
D:13:     enter_trove_3, grunt_pizzeria, spider_trap
D:14:     david_vaults_1, minivault_26,
          nicolae_gozag_cash_rules_everything_around_me
D:15:     hangedman_depths_entry_try_elsewhere_first, minivault_4, minivault_28
Temple:   kilobyte_greek_temple
Lair:1:   lemuel_fruit_fields
Lair:2:   minmay_snake_entry_guardpost_medium, gauntlet_entry_generic,
          infiniplex_staircase_pool, grunt_megastairs_1, uniq_nergalle
Lair:3:   minmay_swamp_entry_swarm, uniq_urug
Lair:5:   slime_altar_1, grunt_megastairs_4, minmay_lair_oklob_chamber
Lair:6:   hangedman_lair_caniforms_friends, nicolae_volcano_entry_two_sided,
          bobbens_ice_dragon_lair
Swamp:1:  evilmike_swamp_ruin_house_3, nicolae_swamp_round_clearing, swamp_pool1
Swamp:2:  portal_ice_cave_entry_pillars_1, evilmike_swamp_ruin_house_5
Swamp:3:  evilmike_swamp_ruin_rubble_2, swamp_pool3
Swamp:4:  swamp_old_school, uniq_nikola
Snake:2:  serial_bayou_shore_a, minmay_shop_grove
Snake:3:  lemuel_fruit_tree
Snake:4:  snake_pit_salamanders_mu, uniq_vashnia
Orc:1:    serial_shops, shop, bh_open_orc_temple
Orc:2:    st_orc_mages
Elf:1:    minmay_elf_demonology, nemelex_altar_shiori
Elf:2:    serial_sigils, serial_sigils_hangedman_scar,
          serial_sigils_hangedman_confine, serial_sigils_hangedman_stare,
          uniq_donald, uniq_roxanne
Elf:3:    minmay_elf_hall_x, serial_shops, nicolae_shop_trees
Vaults:1: nicolae_vaults_back_hallway, ontoclasm_vaults_spin,
          grunt_vaults_hallway_long, v_pattern_1,
          nicolae_vaults_little_squares_3, v_rooms_2, vaults_room_grid,
          v_misc_10, v_misc_31, uniq_asterion
Vaults:2: gammafunk_vaults_ghost_split, nicolae_vaults_network_square,
          ontoclasm_vaults_twist, minmay_crypt_entry_necro_gods,
          nicolae_vaults_ninety_degrees, v_misc_19, vaults_dpeg_diagonal,
          hangedman_vaults_stagger, vaults_dpeg_ring
Vaults:3: v_rooms_1, v_misc_19, hangedman_vaults_impose,
          nicolae_vaults_network_star, ontoclasm_vaults_ring_large,
          grunt_vaults_funnel, v_misc_23, ontoclasm_vaults_idyll,
          nicolae_vaults_minivaults, nicolae_vaults_little_squares_1,
          serial_shops, shop
Vaults:4: vaults_room_door_hall, nicolae_vaults_twisting_passages,
          hangedman_vaults_cutoff, grunt_vaults_focal,
          nicolae_vaults_puzzle_piece, v_alt_pattern_2, vaults_mumra_hex,
          grunt_vaults_diagonal, ontoclasm_vaults_shuriken, v_misc_14
Vaults:5: serial_shops
Depths:1: pf_hell_entry_tar_spiral, abyss_entry_small_statue_room,
          guppyfry_shop_blood, minmay_shop_star, grunt_megastairs_2
Depths:2: grunt_forest_end_shrine, hell_entry, minmay_misc_feat_iff,
          minmay_misc_feat_rugged, infiniplex_staircase_pool_2
Depths:3: minmay_nine_rooms, gammafunk_ghost_split, grunt_pan_entry_spiral,
          abyss_entry, hell_entry, grunt_decor_one_mirror, serial_bayou_shore_b,
          minmay_shoptagon
Depths:4: kennysheep_four_of_diamonds, enter_ziggurat_a,
          hangedman_decor_opposing, abyss_entry, hell_entry
Depths:5: grunt_zot_entry_tricorne, hell_entry, abyss_entry_flame_altar,
          uniq_mennas, uniq_jory
Zot:1:    ebering_ghost_gozag
Zot:3:    hangedman_zot_vaults_quadrants, ebering_ghost_xom, uniq_tiamat
IceCv:    ice_cave_tombish
Volcano:  volcano_pools

Skill      XL: |  1  2  3  4  5  6  7  8  9 10 11 12 13 14 15 16 17 18 19 20 21 22 23 24 25 |
---------------+----------------------------------------------------------------------------+-----
Fighting       | 2 3 4 5 9 8 10 11 12 13 14 15 16 17 18 23 | 23.5
Short Blades   | 3 4 |  4.0
Slings         | 2 3 5 6 8 11 12 | 12.2
Armour         | 8 6 9 11 12 13 15 17 18 19 20 21 24 | 24.6
Dodging        | 8 6 9 11 12 13 14 15 16 17 18 22 | 22.2
Translocations | 2 3 5 6 8 10 | 10.0
Stealth        | 5 |  5.0
Necromancy     | 1 3 |  3.0
Spellcasting   | 1 2 4 |  4.0
Axes           | 3 11 14 17 18 19 22 | 22.4
Throwing       | |  2.0

Action                   |  1- 3 |  4- 6 |  7- 9 | 10-12 | 13-15 | 16-18 | 19-21 | 22-24 | 25-27 || total
-------------------------+-------+-------+-------+-------+-------+-------+-------+-------+-------++-------
Melee: Dagger            |   113 |    94 |   183 |    92 |   205 |    59 |    15 |       |       ||   761
       Short sword       |       |    25 |       |       |       |       |       |       |       ||    25
       Broad axe         |       |       |       |       |   973 |  1557 |  1356 |  1858 |  2919 ||  8663
 Fire: Hunting sling     |    17 |   109 |   432 |  1585 |  1468 |   832 |   600 |       |       ||  5043
       Blowgun           |       |     4 |    16 |    19 |     2 |       |       |       |       ||    41
Throw: Tomahawk          |       |       |     2 |       |       |       |       |       |       ||     2
       Throwing net      |       |       |       |       |       |     4 |       |     2 |       ||     6
       Stone             |       |       |       |       |       |     1 |     1 |       |       ||     2
 Cast: Apportation       |       |       |       |       |     7 |     4 |       |       |       ||    11
       Animate Skeleton  |       |       |       |       |    10 |       |       |       |       ||    10
       Blink             |       |       |       |       |       |     5 |       |       |       ||     5
       Passage of Golubr |       |       |       |       |       |     3 |     7 |     3 |       ||    13
Invok: Power Leap        |       |       |     1 |     1 |     2 |     8 |     2 |     1 |     6 ||    21
       Sacrifice Experie |       |       |     1 |       |       |       |       |       |       ||     1
       Sacrifice Artific |       |       |       |     1 |       |       |       |       |       ||     1
       Reject Sacrifices |       |       |       |     1 |     1 |     1 |       |       |       ||     3
       Apocalypse        |       |       |       |       |     2 |     5 |     2 |     3 |    12 ||    24
       Sacrifice Love    |       |       |       |       |     1 |       |       |       |       ||     1
       Draw Out Power    |       |       |       |       |       |     3 |     1 |       |       ||     4
       Sacrifice Essence |       |       |       |       |       |     1 |       |       |       ||     1
       Sacrifice Arcana  |       |       |       |       |       |     1 |       |       |       ||     1
  Use: Scroll            |       |     7 |     8 |     9 |     9 |    24 |     2 |    10 |    36 ||   105
       Potion            |       |     4 |       |     4 |     4 |    16 |       |     2 |    29 ||    59
 Stab: Sleeping          |     4 |     1 |     4 |     1 |     6 |    12 |    10 |     2 |       ||    40
       Invisible         |       |       |       |     1 |    10 |    50 |    37 |    31 |    39 ||   168
       Distracted        |       |       |       |       |    14 |    13 |     8 |    13 |    21 ||    69
       Paralysed         |       |       |       |       |     6 |    13 |     4 |    19 |    37 ||    79
       Held in net/web   |       |       |       |       |       |       |       |     3 |       ||     3
       Confused          |       |       |       |       |       |       |       |       |    12 ||    12
  Eat: Chunk             |     3 |     7 |    18 |    26 |    40 |    35 |    25 |    30 |     9 ||   193
       Ration            |       |       |     2 |     2 |     5 |    10 |     6 |     5 |    15 ||    45
Armor: Robe              |    34 |    11 |       |       |       |       |       |       |       ||    45
       Leather armour    |       |    13 |    42 |       |       |       |       |       |       ||    55
       Skin              |       |     3 |       |       |       |       |       |       |       ||     3
       Ring mail         |       |       |    21 |   146 |    70 |       |   260 |       |       ||   497
       Fire dragon scale |       |       |       |       |   259 |    82 |       |   321 |       ||   662
       Swamp dragon scal |       |       |       |       |   191 |   235 |       |       |       ||   426
       Acid dragon scale |       |       |       |       |       |     1 |       |       |       ||     1
       Ice dragon scales |       |       |       |       |       |    42 |       |       |       ||    42
       Chain mail        |       |       |       |       |       |    77 |   175 |   106 |   107 ||   465
       Scale mail        |       |       |       |       |       |       |       |    25 |   100 ||   125
       Gold dragon scale |       |       |       |       |       |       |       |       |   899 ||   899
Dodge: Dodged            |    82 |    99 |   183 |   501 |  2333 |  1789 |  1821 |  1827 |  2742 || 11377
Block: Buckler           |       |       |       |       |       |    88 |       |       |       ||    88

Table legend:
 A = Non-vault XP
 B = Vault XP
 C = Vault XP percentage of total XP
 D = Non-vault monster count
 E = Vault monster count
 F = Vault count percentage of total count
                 A         B        C        D         E       F
            +---------+---------+-------+---------+---------+-------
      Total |  793400 |  768417 |  49.2 |    1503 |     787 |  34.4
            +---------+---------+-------+---------+---------+-------
        D:1 |      38 |       0 |   0.0 |      22 |       0 |   0.0
        D:2 |      27 |      16 |  37.2 |      14 |       3 |  17.6
        D:3 |     287 |       0 |   0.0 |      35 |       0 |   0.0
        D:4 |     482 |       0 |   0.0 |      17 |       0 |   0.0
        D:5 |     478 |       1 |   0.2 |      19 |       1 |   5.0
        D:6 |     285 |     697 |  71.0 |      11 |       4 |  26.7
        D:7 |    1207 |       0 |   0.0 |      24 |       0 |   0.0
        D:8 |     431 |     214 |  33.2 |       4 |       1 |  20.0
        D:9 |    3382 |    9013 |  72.7 |      32 |      31 |  49.2
       D:10 |    1991 |    5695 |  74.1 |      21 |      20 |  48.8
       D:11 |    5776 |    5881 |  50.5 |      35 |       9 |  20.5
       D:12 |    5029 |    2496 |  33.2 |      37 |      24 |  39.3
       D:13 |    9518 |     202 |   2.1 |      41 |       1 |   2.4
       D:14 |    7083 |    3452 |  32.8 |      16 |       4 |  20.0
       D:15 |   12123 |    6653 |  35.4 |      43 |      14 |  24.6
     Lair:1 |    3696 |     508 |  12.1 |      15 |       3 |  16.7
     Lair:2 |    1839 |    1674 |  47.7 |       9 |       7 |  43.8
     Lair:3 |    2303 |    1722 |  42.8 |      14 |       6 |  30.0
     Lair:4 |    4479 |       0 |   0.0 |      15 |       0 |   0.0
     Lair:5 |    7276 |    4553 |  38.5 |      27 |      13 |  32.5
     Lair:6 |   13521 |   10989 |  44.8 |      50 |      58 |  53.7
    Swamp:1 |   17288 |       0 |   0.0 |      50 |       0 |   0.0
    Swamp:2 |   16123 |       0 |   0.0 |      39 |       0 |   0.0
    Swamp:3 |   15449 |    1010 |   6.1 |      36 |       1 |   2.7
    Swamp:4 |   10004 |   22841 |  69.5 |      29 |      25 |  46.3
    Snake:1 |   13783 |       0 |   0.0 |      29 |       0 |   0.0
    Snake:2 |   13093 |       0 |   0.0 |      28 |       0 |   0.0
    Snake:3 |   10315 |       0 |   0.0 |      17 |       0 |   0.0
    Snake:4 |    9368 |   52330 |  84.8 |      18 |      76 |  80.9
      Orc:1 |    2799 |    1127 |  28.7 |      33 |       4 |  10.8
      Orc:2 |    5041 |    5565 |  52.5 |      49 |      38 |  43.7
      Elf:1 |   13104 |    4136 |  24.0 |      26 |       8 |  23.5
      Elf:2 |   13800 |   25575 |  65.0 |      24 |      28 |  53.8
      Elf:3 |    1976 |       0 |   0.0 |       3 |       0 |   0.0
   Vaults:1 |   23844 |   18249 |  43.4 |      50 |      25 |  33.3
   Vaults:2 |   31415 |   10888 |  25.7 |      51 |      15 |  22.7
   Vaults:3 |   30201 |   23444 |  43.7 |      49 |      35 |  41.7
   Vaults:4 |   34125 |   21617 |  38.8 |      46 |      22 |  32.4
   Vaults:5 |   39612 |  121917 |  75.5 |      58 |      83 |  58.9
   Depths:1 |   42631 |    8373 |  16.4 |      68 |      12 |  15.0
   Depths:2 |    8077 |   19303 |  70.5 |      13 |      17 |  56.7
   Depths:3 |   41148 |   35566 |  46.4 |      49 |      38 |  43.7
   Depths:4 |   42796 |   28366 |  39.9 |      56 |      15 |  21.1
   Depths:5 |   37101 |   32882 |  47.0 |      32 |      17 |  34.7
      Zot:1 |   39599 |   14725 |  27.1 |      25 |       8 |  24.2
      Zot:2 |   51033 |   40347 |  44.2 |      31 |      18 |  36.7
      Zot:3 |   42616 |   51176 |  54.6 |      25 |      25 |  50.0
      Zot:4 |   73517 |       0 |   0.0 |      49 |       0 |   0.0
      Zot:5 |   32291 |  163597 |  83.5 |      19 |      42 |  68.9
      IceCv |       0 |    8412 | 100.0 |       0 |      25 | 100.0
    Volcano |       0 |    3205 | 100.0 |       0 |      11 | 100.0
            +---------+---------+-------+---------+---------+-------
